 Dungeon Sprint DCSS version 0.21.2 (webtiles) character file.

1589 Fang the Cleaver (level 8, 0/59 HPs)
             Began as a Gargoyle Berserker on Sept 18, 2018.
             Was the Champion of Trog.
             Slain by an anaconda (1 damage)
             ... in the Dungeon (Sprint VII: "The Pits").
             The game lasted 00:03:05 (1031 turns).

Fang the Cleaver (Gargoyle Berserker)               Turns: 1031, Time: 00:03:05

Health: 0/59       AC: 18    Str: 24    XL:     8   Next: 92%
Magic:  2/2        EV: 11    Int:  7    God:    Trog [******]
Gold:   0          SH:  0    Dex: 12    Spells: 7/7 levels left

rFire    . . .     SeeInvis .   b - +2 battleaxe (antimagic)
rCold    . . .     Gourm    .   (shield currently unavailable)
rNeg     + . .     Faith    .   n - +3 chain mail
rPois    ∞         Spirit   .   (no helmet)
rElec    +         Reflect  .   (no cloak)
rCorr    .         Harm     .   (no gloves)
MR       .....     NoTele   +   (no boots)
Stlth    ..........             (no amulet)
HPRegen  0.19/turn              o - +3 ring of evasion
MPRegen  0.08/turn              q - +3 ring of dexterity

@: berserk cooldown, slowed, constricted, very slow
A: negative energy resistance 1, electricity resistance, unbreathing,
petrification resistance, rot immunity, AC +5
a: Berserk, Trog's Hand, Brothers in Arms, Burn Spellbooks, Renounce Religion


You were in the Dungeon.
You worshipped Trog.
Trog was exalted by your worship.
You were very hungry.

You visited 1 branch

Inventory:

Hand Weapons
 b - a +2 antimagic battleaxe (weapon)
 j - a +2 hand axe
 m - a +0 hand axe of freezing
 r - a +1 broad axe of chopping
Armour
 n - a +3 chain mail (worn)
Jewellery
 o - a +3 ring of evasion (left hand)
 q - a +3 ring of dexterity (right hand)
Scrolls
 i - a scroll of blinking
 k - 3 scrolls of remove curse
 l - a scroll of summoning
Potions
 a - 2 potions of invisibility
 d - 7 potions of curing
 e - 14 potions of heal wounds
 f - a potion of haste
 g - 4 potions of magic
 h - 5 potions of berserk rage
 p - a potion of might
Comestibles
 c - 8 rations


   Skills:
 + Level 10.7 Fighting
 + Level 13.2 Axes
 + Level 6.0 Armour
 + Level 5.8 Dodging
 + Level 2.2 Stealth


You had 7 spell levels left.
You didn't know any spells.

Dungeon Overview and Level Annotations

Branches:
Dungeon (1/1)

Altars:
Ashenzari
Cheibriados
Dithmenos
Elyvilon
Fedhas
Gozag
Hepliaklqana
Kikubaaqudgha
Makhleb
Nemelex Xobeh
Okawaru
Qazlal
Ru
Sif Muna
Trog
Uskayaw
Vehumet
Wu Jian
Xom
Yredelemnul
Zin
The Shining One
Beogh
Jiyva
Lugonu


Innate Abilities, Weirdness & Mutations

You are resistant to torment.
Your stone body is resilient. (AC +5)
You are immune to poison.
You resist negative energy. (rN+)
You are resistant to electric shocks. (rElec)
You can survive without breathing.
You are immune to petrification.
You are immune to rotting.


Message History

You are exhausted.
You feel yourself slow down. The anaconda completely misses you.
The anaconda constricts you.
You closely miss the anaconda.
The anaconda is moderately wounded.
The anaconda bites you but does no damage.
The anaconda constricts you. The anaconda bites you!
* * * LOW HITPOINT WARNING * * *
x2 The anaconda constricts you.
The anaconda bites you but does no damage.
The anaconda constricts you.
You slash the anaconda!
The anaconda is heavily wounded.
The anaconda bites you!
* * * LOW HITPOINT WARNING * * *
x2 The anaconda constricts you.
The anaconda misses you. The anaconda constricts you.
The warg pauses to sniff the ground.
The anaconda completely misses you.
You die...

))#####'#####''######
.)##.......##''#
))##.......##).#
[[##.......##).# #
'###...<...##..# .##
..##.......##..# ...#
..##.......##..## c5...
####.......##...##yy5...
..###########...@Shy55..
.############...##y35...
.#....#..[[##..## 55...
'#....#..[[##..# 5..#
.')...'..).##..# .##
'#....#..))##..# #
.#....#..))##..#
################


You could see an anaconda, a yaktaur, a ynoxinul, a warg, 4 killer bees and 8
ufetubi.

Vanquished Creatures
  A deep elf mage (D)
  An orange demon (D)
  A polar bear (D)
  A warg (D)
  An ogre (D)
  2 big kobolds (D)
  A killer bee (D)
  A quasit (D)
  A jelly (D)
  A gnoll shaman (D)
  An iron imp (D)
  An iguana (D)
  A worker ant (D)
  7 gnolls (D)
  A river rat (D)
  An ufetubus (D)
  An ooze (D)
  An adder skeleton (D)
  A worm (D)
  A leopard gecko (D)
  A bat (D)
  A hobgoblin (D)
  5 jackals (D)
  A kobold (D)
35 creatures vanquished.

Notes
Turn   | Place    | Note
-------+----------+-------------------------------------------
     0 | D        | Fang the Gargoyle Berserker began the quest for the Orb.
     0 | D        | Reached XP level 1. HP: 14/14 MP: 1/1
    17 | D        | Reached skill level 3 in Axes
    29 | D        | Found a bloodstained altar of Trog.
    29 | D        | Found a deep blue altar of Sif Muna.
    29 | D        | Found a viscous altar of Jiyva.
    29 | D        | Found a hazy altar of Hepliaklqana.
    29 | D        | Found an opulent altar of Gozag.
    30 | D        | Found a glowing golden altar of the Shining One.
    30 | D        | Found a glowing silver altar of Zin.
    30 | D        | Found a basalt altar of Yredelemnul.
    30 | D        | Found a shimmering altar of Xom.
    30 | D        | Found an ornate altar of the Wu Jian Council.
    30 | D        | Found a sacrificial altar of Ru.
    30 | D        | Found a stormy altar of Qazlal.
    30 | D        | Found an iron altar of Okawaru.
    30 | D        | Found a sparkling altar of Nemelex Xobeh.
    30 | D        | Found a burning altar of Makhleb.
    30 | D        | Found a blossoming altar of Fedhas.
    30 | D        | Found a white marble altar of Elyvilon.
    30 | D        | Found a shadowy altar of Dithmenos.
    30 | D        | Found a snail-covered altar of Cheibriados.
    32 | D        | Found a radiant altar of Vehumet.
    32 | D        | Found a corrupted altar of Lugonu.
    32 | D        | Found a roughly hewn altar of Beogh.
    79 | D        | Reached ** piety under Trog
    79 | D        | Reached XP level 2. HP: 20/20 MP: 2/2
    89 | D        | Reached skill level 4 in Axes
    90 | D        | Reached skill level 5 in Fighting
    90 | D        | Reached XP level 3. HP: 11/26 MP: 3/3
   280 | D        | Reached *** piety under Trog
   286 | D        | Reached skill level 5 in Axes
   286 | D        | Reached XP level 4. HP: 28/31 MP: 4/4
   288 | D        | Reached **** piety under Trog
   567 | D        | Noticed a deep elf mage
   590 | D        | Killed a deep elf mage
   590 | D        | Reached skill level 10 in Axes
   590 | D        | Reached skill level 1 in Stealth
   590 | D        | Reached XP level 5. HP: 41/41 MP: 5/5
   590 | D        | Reached XP level 6. HP: 46/46 MP: 6/6
   590 | D        | Reached XP level 7. HP: 51/51 MP: 7/7
   596 | D        | Reached ***** piety under Trog
   635 | D        | Reached skill level 11 in Axes
   640 | D        | Reached skill level 5 in Dodging
   697 | D        | Noticed an orange demon
   706 | D        | Killed an orange demon
   706 | D        | Received a gift from Trog
   706 | D        | Reached skill level 10 in Fighting
   706 | D        | Reached skill level 12 in Axes
   706 | D        | Reached skill level 5 in Armour
   706 | D        | Reached XP level 8. HP: 57/57 MP: 8/8
   823 | D        | Reached ****** piety under Trog
   933 | D        | Found a hide-covered altar of Uskayaw.
   933 | D        | Found an ancient bone altar of Kikubaaqudgha.
   933 | D        | Found a shattered altar of Ashenzari.
   957 | D        | Noticed a polar bear
   960 | D        | Received a gift from Trog
   962 | D        | Killed a polar bear
   962 | D        | Reached skill level 13 in Axes
  1012 | D        | Noticed an anaconda
  1012 | D        | Noticed a yaktaur
  1012 | D        | Noticed a ynoxinul
  1031 | D        | HP: 1/59 [anaconda (3)]
  1031 | D        | Slain by an anaconda

Skill      XL: |  1  2  3  4  5  6  7  8 |
---------------+-------------------------+-----
Fighting       | 4 5 9 10 | 10.7
Axes           | 3 4 5 10 12 13 | 13.2
Dodging        | 2 4 5 |  5.8
Armour         | 3 4 5 6 |  6.0
Stealth        | 1 2 |  2.2

Action                   |  1- 3 |  4- 6 |  7- 9 || total
-------------------------+-------+-------+-------++-------
Melee: Hand axe          |    27 |    17 |    62 ||   106
       Battleaxe         |       |       |    40 ||    40
Invok: Berserk           |     1 |     1 |     5 ||     7
  Eat: Chunk             |       |       |     2 ||     2
       Ration            |       |       |     1 ||     1
Armor: Animal skin       |    10 |       |       ||    10
       Chain mail        |       |     8 |    78 ||    86
Dodge: Dodged            |    21 |    15 |    61 ||    97
